 Dungeon Crawl Stone Soup version 0.29.1-15-g9cfb28693d (webtiles) character file.

Game seed: 4839428826399256311

814 kingofthe the Conjurer (level 7, -4/36 HPs)
             Began as a Deep Elf Conjurer on Feb 27, 2023.
             Slain by Pikel
             ... wielding a +0 whip of flaming
              (7 damage)
             ... on level 4 of the Dungeon.
             The game lasted 00:13:34 (4310 turns).

kingofthe the Conjurer (Deep Elf Conjurer)          Turns: 4310, Time: 00:13:35

Health: -4/36      AC:  7    Str:  4    XL:     7   Next: 62%
Magic:  10/18      EV: 14    Int: 23    God:
Gold:   185        SH:  0    Dex: 15    Spells: 11/18 levels left

rFire   . . .      SeeInvis .   p - +1 short sword (speed)
rCold   . . .      Faith    .   (no shield)
rNeg    . . .      Spirit   .   a - +0 robe
rPois   .          Reflect  .   (no helmet)
rElec   .          Harm     .   j - scarf {repulsion}
rCorr   .          Rampage  .   (no gloves)
Will    .....                   f - +0 pair of boots
Stlth   +++.......              (no amulet)
HPRegen 0.12/turn               T - +4 ring of protection
MPRegen 0.16/turn               (no ring)

@: repel missiles
A: no striking features
a: no special abilities


You were on level 4 of the Dungeon.
You visited 2 branches of the dungeon, and saw 5 of its levels.

You collected 185 gold pieces.


   Skills:
 * Level 5.6 Dodging
 + Level 6.1 Stealth
 + Level 6.2 Spellcasting
 + Level 6.4 Conjurations
 * Level 0.0 Hexes


You had 11 spell levels left.
You knew the following spells:

 Your Spells              Type           Power      Damage    Failure   Level
a - Magic Dart            Conj           100%       1d8       1%          1
b - Searing Ray           Conj           72%        2d7       1%          2
c - Fulminant Prism       Conj/Hex       11%        3d9       22%         4

Your spell library contained the following spells:

 Spells                   Type           Power      Damage    Failure   Level
 Dazzling Flash           Conj/Hex       44%        N/A       7%          3
 Iskenderun's Mystic Bla  Conj/Tloc      22%        2d6       22%         4

Inventory:

Hand Weapons
 l - a +2 dagger of protection
 p - a +1 short sword of speed (weapon)
Armour
 a - a +0 robe (worn)
 d - a +0 buckler
 f - a +0 pair of boots (worn)
 j - a scarf of repulsion (worn)
Magical Staves
 m - a staff of air {!a}
 r - a staff of earth {!a}
Jewellery
 T - a +4 ring of protection (left hand)
Wands
 u - a wand of flame (5)
 y - a wand of digging (4)
Scrolls
 c - 3 scrolls of identify {unknown}
 i - 2 scrolls of blinking {unknown}
 s - a scroll of poison
 v - a scroll of vulnerability {unknown}
 w - a scroll of immolation {unknown}
 x - a scroll of teleportation {unknown}
Potions
 b - a potion of magic
 e - a potion of invisibility {unknown}
 g - 2 potions of brilliance {unknown}
 h - 2 potions of ambrosia {unknown}
 k - a potion of flight {unknown}
 n - 2 potions of mutation {unknown}
 o - a potion of heal wounds {unknown}
 q - a potion of curing {@q1}
 t - a potion of lignification {unknown}

Dungeon Overview and Level Annotations

Branches:
Dungeon (4/15)             Temple (1/1) D:4

Altars:
Cheibriados
Dithmenos
Elyvilon
Hepliaklqana
Kikubaaqudgha
Nemelex Xobeh
Okawaru
Qazlal
Ru
Trog
Vehumet
Wu Jian
Xom
Yredelemnul
Zin
The Shining One

Annotations:
D:4 Pikel

,,,,*****,,* #.[.....**,),,*,**
*,,,****,,,* **#.§§§§§#*,,,**,**,
,,,,*,,,,,,***,..§§§§§#,.***,*,,*
,,,,,,,***)**,,*.§§§§§#§#********
,,,,,,,***,,*,**.§§§§§§§.,,,,,,,,
,,,,,,,,,§#[,,**#§§§§§§§.,*******
****,,,,,§§§§####§§§§§§§.********
***,,,,,,§§§§§§§§§§§§§§§.,,,,,,,,
**,,,,,,,,.....#@§§§§§§§.,*******
*,,,,,,,,,...,*#K5§§§§§§.,*
,,,,,,,,,#.....5§§§§§§§§.,*
,,,,,,,,,.....§§§§§§§§§§.,*
,,,,,,,,,....§§##§§§§§§§.**
,,,,,>,,,...§§§,.§§§§§§§#*
,,*,,,,,,..§§§§,.§#######
,,*,,,,,,.§§§§,,.§§,****
,***,,,,,.....,,,..,,,,*


You could see Pikel and 2 lemures.


Message History

* * * LOW HITPOINT WARNING * * *
Pikel burns you.
* * * LOW HITPOINT WARNING * * *
The searing ray hits Pikel.
Pikel is moderately wounded.
The searing ray hits the lemure!
The lemure is heavily wounded.
Pikel hits you with a +0 whip of flaming.
* * * LOW HITPOINT WARNING * * *
Pikel burns you.
* * * LOW HITPOINT WARNING * * *
The searing ray hits Pikel.
Pikel is moderately wounded.
The searing ray hits the lemure!
The lemure is severely wounded.
Pikel hits you with a +0 whip of flaming.
* * * LOW HITPOINT WARNING * * *
Pikel burns you.
* * * LOW HITPOINT WARNING * * *
Pikel attacks as you move away!
Pikel hits you with a +0 whip of flaming.
* * * LOW HITPOINT WARNING * * *
Pikel burns you.
* * * LOW HITPOINT WARNING * * *
Pikel waves his whip at you.
The air fills with toxic fumes!
As you read the scroll labelled WIUBLANYEH, it crumbles to dust.
It was a scroll of poison.
Pikel hits you with a +0 whip of flaming!
You die...

Skill      XL: |  1  2  3  4  5  6  7 |
---------------+----------------------+-----
Stealth        | 3 4 5 6 |  6.1
Dodging        | 3 4 5 |  5.6
Spellcasting   | 4 5 6 |  6.2
Conjurations   | 5 6 |  6.4

Action                   |  1- 3 |  4- 6 |  7- 9 || total
-------------------------+-------+-------+-------++-------
Melee: Unarmed           |     3 |       |       ||     3
 Cast: Magic Dart        |    85 |    51 |     4 ||   140
       Searing Ray       |     4 |    13 |    13 ||    30
Evoke: Wand              |       |     6 |       ||     6
  Use: Scroll            |       |       |     1 ||     1
Armor: Robe              |     2 |     7 |     4 ||    13
Dodge: Dodged            |     6 |    14 |     8 ||    28
       Repelled          |     1 |       |       ||     1

Levels and vault maps discovered:
D:1:      reono_arrival_mine, layout_basic, basic_ecumenical_altar
D:2:      wander_river, layout_rooms, basic_altar
D:3:      layout_basic, chei_slow_surprise, nicolae_ru_awakened_eye
D:4:      layout_rooms, dreamdust_divine_triumvirate,
          mainiacjoe_overflow_surrounded_room, mainiacjoe_overflow_paths,
          minmay_temple_entry_tees, guppyfry_early_orc_mine, uniq_grinder,
          uniq_eustachio, uniq_pikel
Temple:   hellmonk_temple_rainy

Notes
Turn   | Place    | Note
-------+----------+-------------------------------------------
     0 | D:1      | kingofthe the Deep Elf Conjurer began the quest for the
                  | Orb.
     0 | D:1      | Reached XP level 1. HP: 10/10 MP: 6/6
   182 | D:1      | Reached XP level 2. HP: 15/15 MP: 1/8
   247 | D:1      | Learned a level 2 spell: Searing Ray
   253 | D:1      | Found a faded altar of an unknown god.
   537 | D:1      | Reached skill level 3 in Stealth
   785 | D:1      | Reached skill level 3 in Dodging
  1007 | D:2      | Found a sacrificial altar of Ru.
  1022 | D:2      | Reached XP level 3. HP: 19/19 MP: 6/9
  1744 | D:3      | Found a sacrificial altar of Ru.
  1781 | D:3      | Reached XP level 4. HP: 24/24 MP: 9/11
  2175 | D:3      | Reached skill level 4 in Spellcasting
  2208 | D:3      | Reached skill level 5 in Conjurations
  2723 | D:3      | Found a snail-covered altar of Cheibriados.
  2773 | D:4      | Reached skill level 4 in Stealth
  2773 | D:4      | Reached XP level 5. HP: 28/28 MP: 6/13
  2823 | D:4      | Noticed Pikel
  2825 | D:4      | Noticed a lemure
  2826 | D:4      | Noticed a lemure
  2840 | D:4      | Noticed a lemure
  2911 | D:4      | Reached skill level 4 in Dodging
  2992 | D:4      | Found a staircase to the Ecumenical Temple.
  3007 | D:4      | Noticed a phantom
  3009 | Temple   | Entered the Ecumenical Temple
  3044 | D:4      | Killed a phantom
  3045 | D:4      | Reached XP level 6. HP: 32/32 MP: 5/15
  3128 | D:4      | Noticed Grinder
  3160 | D:3      | Paralysed by Grinder for 4 turns
  3164 | D:3      | Killed Grinder
  3165 | D:3      | Reached skill level 5 in Stealth
  3165 | D:3      | Reached skill level 5 in Spellcasting
  3425 | D:4      | Found a glowing silver altar of Zin.
  3430 | D:4      | Found a white marble altar of Elyvilon.
  3430 | D:4      | Found a glowing golden altar of the Shining One.
  3515 | D:4      | Found a sparkling altar of Nemelex Xobeh.
  3631 | D:4      | Noticed Eustachio
  3660 | D:4      | Killed Eustachio
  3661 | D:4      | Reached skill level 5 in Dodging
  3661 | D:4      | Reached skill level 6 in Conjurations
  3661 | D:4      | Reached XP level 7. HP: 36/36 MP: 1/17
  3834 | D:4      | Found an ancient bone altar of Kikubaaqudgha.
  4134 | D:4      | Reached skill level 6 in Spellcasting
  4182 | D:4      | Reached skill level 6 in Stealth
  4193 | D:4      | Learned a level 4 spell: Fulminant Prism
  4309 | D:4      | HP: 3/36 [Pikel/+0 whip of flaming (1)]
  4310 | D:4      | Slain by Pikel

Vanquished Creatures
  Grinder (D:3)
  Eustachio (D:4)
  An orc warrior (D:4)
  2 lemures (D:3)
  A phantom (D:4)
  A necrophage (D:4)
  A scorpion (D:4)
  A hound (D:4)
  An orc priest (D:4)
  An orc wizard (D:4)
  3 adders
  A worm (D:2)
  2 dart slugs
  8 orcs
  7 endoplasms
  5 giant cockroaches
  7 goblins
  8 hobgoblins
  4 jackals (D:2)
  9 kobolds
  4 quokkas
  5 ball pythons
  2 bats (D:3)
  2 frilled lizards
  4 rats
82 creatures vanquished.

Table legend: (Time is in decaauts)
 A = Elapsed time spent in this place.
 B = Non-inter-level travel time spent in this place.
 C = Inter-level travel time spent in this place.
 D = Time resting spent in this place.
 E = Time spent auto-exploring this place.
 F = Levels seen in this place.
 G = Mean time per level.
                   A        B        C        D        E       F      G
               +--------+--------+--------+--------+--------+-----+--------+
         Total |   4319 |   4115 |    204 |    436 |   3091 |   5 |  863.8 |
       Dungeon |   4291 |   4100 |    191 |    436 |   3081 |   4 | 1072.8 |
        Temple |     27 |     14 |     13 |      0 |     10 |   1 |   27.0 |
               +--------+--------+--------+--------+--------+-----+--------+

Top non-repeatable levels by time:
     D:3: 1535 daAuts
     D:4: 1015 daAuts
     D:1: 1006 daAuts
     D:2: 734 daAuts
  Temple: 27 daAuts

Table legend:
 A = Non-vault XP
 B = Vault XP
 C = Vault XP percentage of total XP
 D = Non-vault monster count
 E = Vault monster count
 F = Vault count percentage of total count
                 A         B        C        D         E       F
            +---------+---------+-------+---------+---------+-------
      Total |     497 |     667 |  57.3 |      71 |       9 |  11.2
            +---------+---------+-------+---------+---------+-------
        D:1 |      40 |       0 |   0.0 |      21 |       0 |   0.0
        D:2 |      52 |       0 |   0.0 |      19 |       0 |   0.0
        D:3 |      74 |     262 |  78.0 |      26 |       1 |   3.7
        D:4 |     331 |     405 |  55.0 |       5 |       8 |  61.5
            +---------+---------+-------+---------+---------+-------
